 Dungeon Crawl Stone Soup version 0.28-a0-984-g3775c662fe (webtiles) character file.

Game seed: 16303512899000414955

310 horus123 the Slasher (level 6, -5/66 HPs)
             Began as a Demonspawn Gladiator on Dec 4, 2021.
             Killed from afar by Dowan (14 damage)
             ... with a shard of ice
             ... on level 4 of the Dungeon.
             The game lasted 00:07:20 (3638 turns).

horus123 the Slasher (Demonspawn Gladiator)         Turns: 3638, Time: 00:07:21

Health: -5/66      AC: 23    Str: 11 (14) XL:     6   Next: 18%
Magic:  0/7        EV:  2    Int: 10 (12) God:
Gold:   199        SH:  0    Dex: 13 (16) Spells: 3/7 levels left

rFire   . . .      SeeInvis .   a - +0 long sword (chaos)
rCold   . . .      Faith    .   (no shield)
rNeg    . . .      Spirit   +   (armour currently unavailable)
rPois   +          Reflect  .   (helmet currently unavailable)
rElec   .          Harm     .   (cloak currently unavailable)
rCorr   .          Rampage  .   (gloves currently unavailable)
Will    .....      NoTele   +   (boots currently unavailable)
Stlth   +.........              (no amulet)
HPRegen 0.21/turn               (no ring)
MPRegen 0.20/turn               (no ring)

@: tree-form
A: stationary, stasis, torment immunity, boosted hp, magic shield, magic
regeneration, big brain 1
a: no special abilities


You were on level 4 of the Dungeon.
You were a tree.
You visited 1 branch of the dungeon, and saw 4 of its levels.

You collected 199 gold pieces.

Inventory:

Hand Weapons
 a - a +0 long sword of chaos (weapon)
Missiles
 d - 3 throwing nets
Armour
 b - a +0 leather armour (melded)
 c - a +0 helmet (melded)
 e - a +1 cloak (melded)
Scrolls
 k - a scroll of fear
Potions
 f - 5 potions of flight
 g - a potion of curing {unknown}
 i - a potion of degeneration
 j - a potion of ambrosia {unknown}
 m - a potion of brilliance {unknown}


   Skills:
 - Level 2.0 Fighting
 - Level 4.6 Long Blades
 - Level 1.7 Throwing
 - Level 2.6 Dodging
 - Level 1.1 Spellcasting
 + Level 4.2 Summonings


You had 3 spell levels left.
You knew the following spells:

 Your Spells              Type           Power      Damage    Failure   Level
a - Summon Small Mammal   Summ           36%        N/A       6%          1
b - Call Canine Familiar  Summ           9%         N/A       19%         3

Your spell library contained the following spells:

 Spells                   Type           Power      Damage    Failure   Level
 Summon Guardian Golem    Hex/Summ       4%         N/A       38%         3
 Summon Forest            Summ/Tloc      2%         N/A       98%         5
 Summon Mana Viper        Hex/Summ       4%         N/A       98%         5
 Summon Cactus Giant      Summ           4%         N/A       100%        6


Dungeon Overview and Level Annotations

Branches:
Dungeon (4/15)
 Temple: D:4-7

Altars:
Xom

Annotations:
D:4 Dowan


Innate Abilities, Weirdness & Mutations

You are a tree.
Your roots penetrate the ground, keeping you stationary.
You cannot be teleported.
You are immune to unholy pain and torment.
Your maximum health is greatly increased.
Your equipment is partially melded.
When hurt, damage is shared between your health and your magic reserves.
You regenerate magic rapidly.
You have an unusually large brain. (Int +2)


Message History

Dowan hits you but does no damage. The phantom hits you.
Something hits you but does no damage.
You cannot move.
You cannot move.
Hit: a) +0 long sword (chaos)
Press: ? - help, Dir - move target You slash something!
Nothing appears to happen.
Dowan hits you but does no damage.
Dowan zaps a wand.
The puff of flame hits you!
* * * LOW HITPOINT WARNING * * *
The phantom hits you but does no damage.
Something hits you but does no damage.
Hit: a) +0 long sword (chaos)
Press: ? - help, Dir - move target, f - Dowan
Aim: Dowan, wielding a +0 dagger, wearing a +0 robe and carrying a wand of flame (12) (fast, about 52% to evade your +0 long sword of chaos)
You slash Dowan!
Dowan is poisoned.
Dowan is moderately wounded.
Dowan zaps a wand.
The puff of flame hits you but does no damage.
The phantom hits you.
* * * LOW HITPOINT WARNING * * *
Something hits you but does no damage. Dowan hits you but does no damage.
Hit: a) +0 long sword (chaos)
Press: ? - help, Dir - move target, f/p - Dowan
Aim: Dowan, wielding a +0 dagger, wearing a +0 robe and carrying a wand of flame (11) (heavily wounded, fast, very poisoned, about 52% to evade your +0 long sword of chaos)
You hit Dowan but do no damage.
Dowan is heavily wounded.
Dowan hits you but does no damage.
The phantom hits you but does no damage.
Something hits you but does no damage. Dowan hits you with a +0 dagger.
* * * LOW HITPOINT WARNING * * *
Hit: a) +0 long sword (chaos)
Press: ? - help, Dir - move target, f/p - Dowan
Aim: Dowan, wielding a +0 dagger, wearing a +0 robe and carrying a wand of flame (11) (heavily wounded, fast, very poisoned, about 52% to evade your +0 long sword of chaos)
You slash Dowan!
Dowan looks as sick as possible!
Dowan is almost dead.
The phantom hits you but does no damage.
Dowan gestures at you while chanting. The shard of ice hits you!
You die...

##########
##########........#
.........>........
#.# #####..#####..
##.#######..### #..
#e.†.....$....# ##.
#.♣{######.B#.# #.
#.....W..# #..#.#
#. #.####.#.#
...... .. #.#.#
.###..## ## ..... .
..# ##.#.## # ..#
#.#.# ..# #. .. ...
#.#######..##


You could see a phantom and Dowan (fast, extremely poisoned).

Vanquished Creatures
  Duvessa (D:4)
  A necrophage (D:4)
  5 adders
  A shadow imp (D:3)
  2 worms
  A dart slug (D:2)
  6 orcs
  6 ball pythons
  5 endoplasms
  5 giant cockroaches
  8 hobgoblins
  A jackal (D:4)
  6 kobolds
  2 quokkas (D:2)
  2 bats (D:1)
  3 frilled lizards
  2 goblins
  7 rats
64 creatures vanquished.

Notes
Turn   | Place    | Note
-------+----------+-------------------------------------------
     0 | D:1      | horus123 the Demonspawn Gladiator began the quest for the
                  | Orb.
     0 | D:1      | Reached XP level 1. HP: 16/16 MP: 1/1
   332 | D:1      | Gained mutation: You regenerate magic rapidly. [demonic
                  | ancestry]
   332 | D:1      | Reached XP level 2. HP: 12/22 MP: 2/2
   965 | D:2      | Reached XP level 3. HP: 25/27 MP: 3/3
  1026 | D:2      | Learned a level 1 spell: Summon Small Mammal
  1901 | D:3      | Gained mutation: You have an unusually large brain. (Int
                  | +2) [demonic ancestry]
  1901 | D:3      | Reached XP level 4. HP: 33/33 MP: 4/4
  2226 | D:3      | Reached skill level 1 in Spellcasting
  2266 | D:3      | Learned a level 3 spell: Call Canine Familiar
  2650 | D:4      | Noticed Dowan
  2651 | D:4      | Noticed Duvessa
  2655 | D:4      | Noticed a necrophage
  2845 | D:4      | Reached skill level 1 in Summonings
  2992 | D:4      | Found a shimmering altar of Xom.
  3089 | D:4      | Killed a necrophage
  3090 | D:4      | Reached XP level 5. HP: 36/38 MP: 6/6
  3123 | D:4      | Noticed a phantom
  3141 | D:4      | Killed Duvessa
  3142 | D:4      | Gained mutation: When hurt, damage is shared between your
                  | health and your magic reserves. [demonic ancestry]
  3142 | D:4      | Reached XP level 6. HP: 9/44 MP: 7/7
  3638 | D:4      | Killed from afar by Dowan

Illustrated notes

Levels and vault maps discovered:
D:1:      dpeg_arrival_simpleton_a, layout_basic, minmay_misc_feat_columns
D:2:      layout_basic
D:3:      layout_rooms
D:4:      layout_loops_ring, tgw_xom, hangedman_abyss_or_decor_lesser_grid,
          grunt_decor_mini_mirrors, lexackson_kobold_supper, uniq_ijyb,
          uniq_grinder, uniq_crazy_yiuf_cottage, uniq_duvessa

Skill      XL: |  1  2  3  4  5 |
---------------+----------------+-----
Long Blades    | 3 4 |  4.6
Spellcasting   | 1 |  1.1
Summonings     | 3 4 |  4.2
Fighting       | |  2.0
Throwing       | |  1.7
Dodging        | |  2.6

Action                   |  1- 3 |  4- 6 || total
-------------------------+-------+-------++-------
Melee: Long sword        |    82 |   108 ||   190
  Use: Scroll            |     2 |     8 ||    10
       Potion            |       |     5 ||     5
 Stab: Sleeping          |       |     2 ||     2
Armor: Leather armour    |    24 |    44 ||    68
       Skin              |       |    32 ||    32
Dodge: Dodged            |    53 |    74 ||   127

Table legend: (Time is in decaauts)
 A = Elapsed time spent in this place.
 B = Non-inter-level travel time spent in this place.
 C = Inter-level travel time spent in this place.
 D = Time resting spent in this place.
 E = Time spent auto-exploring this place.
 F = Levels seen in this place.
 G = Mean time per level.
                   A        B        C        D        E       F      G
               +--------+--------+--------+--------+--------+-----+--------+
         Total |   3676 |   3520 |    156 |    605 |   2343 |   4 |  919.0 |
       Dungeon |   3676 |   3520 |    156 |    605 |   2343 |   4 |  919.0 |
               +--------+--------+--------+--------+--------+-----+--------+

Top non-repeatable levels by time:
     D:3: 1379 daAuts
     D:2: 1118 daAuts
     D:1: 795 daAuts
     D:4: 382 daAuts
